 Dungeon Crawl Stone Soup version 0.29.0-5-ge4962eb29e (webtiles) character file.

Game seed: 11796565077714803053

57 xian the Shooter (level 3, -2/29 HPs)
             Began as a Demigod Hunter on Aug 28, 2022.
             Slain by Natasha (4 damage)
             ... on level 2 of the Dungeon.
             The game lasted 00:02:18 (1351 turns).

xian the Shooter (Demigod Hunter)                   Turns: 1351, Time: 00:02:19

Health: -2/29      AC:  3    Str: 16    XL:     3   Next: 50%
Magic:  5/5        EV: 12    Int: 11    God:
Gold:   70         SH:  0    Dex: 17    Spells: 2/2 levels left

rFire   . . .      SeeInvis .   a - +0 shortbow
rCold   + . .      Faith    .   (shield currently unavailable)
rNeg    . . .      Spirit   .   c - +0 leather armour
rPois   .          Reflect  .   (no helmet)
rElec   .          Harm     .   (no cloak)
rCorr   .          Rampage  .   (no gloves)
Will    .....                   (no boots)
Stlth   ++........              (no amulet)
HPRegen 0.09/turn               g - ring of protection from cold
MPRegen 0.09/turn               (no ring)

@: slowed, very slow
A: high MP 1, forlorn, divine attributes
a: no special abilities


You were on level 2 of the Dungeon.
You visited 1 branch of the dungeon, and saw 2 of its levels.

You collected 70 gold pieces.

Inventory:

Hand Weapons
 a - a +0 shortbow (weapon)
 f - a +0 dagger
Armour
 c - a +0 leather armour (worn)
Jewellery
 g - a ring of protection from cold (left hand)
Scrolls
 b - a scroll of immolation
 d - a scroll of identify {unknown}
 i - a scroll of torment {unknown}
Potions
 e - a potion of lignification {unknown}
 h - a potion of curing {unknown}


   Skills:
 + Level 2.1 Fighting
 + Level 4.5 Ranged Weapons
 + Level 0.9 Armour
 + Level 1.8 Dodging
 + Level 1.0 Stealth


You had 2 spell levels left.
You didn't know any spells.
Your spell library was empty.

Dungeon Overview and Level Annotations

Branches:
Dungeon (2/15)

Annotations:
D:2 Natasha


Innate Abilities, Weirdness & Mutations

You have an increased reservoir of magic. (+10% MP)
You shall have no god before yourself.
Your divine heritage dramatically boosts your attributes as you level up.


Message History

The arrow closely misses the frilled lizard.
You shoot an arrow. The arrow hits the frilled lizard!
You kill the frilled lizard!
No target in view!
No target in view!
No target in view!
Found a stone staircase leading up.
Natasha, Servant of Life and Death comes into view.
Natasha hisses angrily.
You shoot an arrow. The arrow misses Natasha.
Natasha stares at you and mumbles some strange words.
The magic dart hits you.
You shoot an arrow.
The arrow hits Natasha but does no damage.
Natasha drinks a potion.
Natasha's spells are empowered!
You shoot an arrow.
The arrow hits Natasha but does no damage.
You shoot an arrow. The arrow hits Natasha!
Natasha is heavily wounded.
You shoot an arrow. The arrow closely misses Natasha.
Natasha mumbles some strange words.
Natasha's front paws start to glow.
Natasha stares at you and mumbles some strange words.
You struggle to resist.
You shoot an arrow.
The arrow hits Natasha but does no damage.
Natasha is heavily wounded.
Natasha claws you.
You shoot an arrow. The arrow barely misses Natasha.
Natasha claws you.
Natasha stares at you and mumbles some strange words.
The magic dart hits you.
You shoot an arrow. The arrow closely misses Natasha.
Natasha stares at you and mumbles some strange words.
You feel yourself slow down.
You shoot an arrow. The arrow barely misses Natasha.
Natasha claws you. Natasha claws you!
* * * LOW HITPOINT WARNING * * *
You are too injured to fight recklessly!
Natasha attacks as you move away! Natasha claws you.
You die...

##.# #.#
.#.# #.#
.#.# #.#
.#.. #.#
.### #.#
)# #.# .#
#.# ##
#.# #@#
#.h......
#########


You could see Natasha (empowered).

Vanquished Creatures
  An adder (D:2)
  A worm (D:2)
  2 ball pythons (D:1)
  4 bats
  5 endoplasms
  A giant cockroach (D:2)
  3 hobgoblins
  4 jackals (D:1)
  5 kobolds
  5 frilled lizards
  9 goblins
40 creatures vanquished.

Notes
Turn   | Place    | Note
-------+----------+-------------------------------------------
     0 | D:1      | xian the Demigod Hunter began the quest for the Orb.
     0 | D:1      | Reached XP level 1. HP: 17/17 MP: 3/3
    77 | D:1      | Reached skill level 4 in Ranged Weapons
   110 | D:1      | Reached XP level 2. HP: 24/24 MP: 4/4
   576 | D:1      | Reached skill level 1 in Stealth
   693 | D:2      | Reached XP level 3. HP: 28/29 MP: 5/5
  1341 | D:2      | Noticed Natasha
  1351 | D:2      | Slain by Natasha

Illustrated notes

Levels and vault maps discovered:
D:1:      psy_arrival_statuary, layout_basic
D:2:      layout_basic, uniq_natasha

Skill      XL: |  1  2 |
---------------+-------+-----
Ranged Weapons | 4 |  4.5
Fighting       | 2 |  2.1
Stealth        | 1 |  1.0
Armour         | |  0.9
Dodging        | |  1.8

Action                   || total
-------------------------++-------
 Fire: Shortbow          ||   122
Armor: Leather armour    ||    20
Dodge: Dodged            ||    49
